Map: Inside and Out

Players

Ryung - Winner!

  • Race: Terran Terran
  • Spawn Location: 1:00

MaNa

  • Race: Protoss Protoss
  • Spawn Location: 7:00

Event: DreamHack SC2 Masters 2022 Atlanta (Offline)

VOD

Have the link to the VOD?

Description

Time

  • Played on: Nov. 18, 2022, 11:04 a.m.
  • Length: 16:16

All games in this series

Show
View Real Time Build Order
Export as new Build Order

Ryung Terran - Winner!

Build Orders: Cyclone Opening 

Get SALT Encoding   

  12  0:00  SCV  
  13  0:12  SCV  
  14  0:17  Supply Depot  
  14  0:24  SCV  
  15  0:38  SCV  
  15  0:39  Barracks  
  16  0:43  Refinery  
  16  0:50  SCV  
  16  0:52  Refinery  
  17  1:02  SCV  
  18  1:14  SCV  
  18  1:17  Supply Depot  
  19  1:26  Reaper, Orbital Command  
  20  1:41  Factory  
  20  1:52  SCV  
  22  2:04  SCV  
  22  2:10  Barracks Reactor  
  22  2:17  SCV  
  22  2:22  Command Center  
  23  2:26  Factory Tech Lab  
  23  2:29  SCV  
  24  2:35  Supply Depot  
  24  2:41  SCV  
  25  2:44  Cyclone  
  25  2:47  Marine x2  
  30  2:53  SCV  
  31  2:58  Barracks  
  31  3:05  SCV, Marine  
  32  3:08  Marine  
  33  3:17  SCV  
  34  3:21  Supply Depot  
  34  3:25  Siege Tank  
  37  3:29  SCV  
  38  3:34  Marine  
  39  3:43  SCV, Marine  
  39  3:44  Barracks  
  39  3:46  Barracks Tech Lab  
  41  3:55  Orbital Command  
  41  3:56  SCV  
  41  4:03  Marine x2  
  41  4:09  Stimpack  
  43  4:12  Engineering Bay  
  43  4:13  SCV  
  44  4:21  SCV  
  45  4:25  SCV  
  45  4:30  Supply Depot  
  49  4:33  SCV  
  49  4:37  SCV, Combat Shield  
  51  4:38  Terran Infantry Weapons Level 1  
  51  4:40  Starport  
  51  4:41  Factory Reactor  
  51  4:45  SCV  
  49  4:47  Marine x2  
  49  4:48  Marine  
  49  4:49  SCV, Marine  
  54  4:53  Supply Depot  
  54  4:57  SCV  
  55  5:01  Refinery, SCV  
  56  5:09  SCV  
  56  5:13  SCV  
  60  5:14  Marauder x2  
  60  5:17  Supply Depot  
  60  5:20  Marine x2  
  64  5:21  SCV  
  64  5:25  SCV, Medivac x2  
  70  5:29  Supply Depot  
  70  5:33  SCV, Factory Reactor  
  71  5:37  Refinery, Marauder  
  71  5:38  SCV  
  71  5:41  Marauder  
  76  5:44  Supply Depot  
  76  5:46  SCV  
  76  5:48  Marine x2  
  76  5:49  Concussive Shells  
  79  5:50  SCV  
  80  5:57  Medivac  
  80  5:58  SCV  
  80  6:00  Medivac  
  80  6:02  Supply Depot, SCV  
  86  6:07  Marauder x2  
  86  6:10  Marine x2  
  92  6:15  Widow Mine x2  
  96  6:18  Supply Depot  
  96  6:25  Supply Depot  
  96  6:33  Terran Infantry Armor Level 1  
  96  6:36  Command Center  
  96  6:40  Marine  
  96  6:41  Marauder x2  
  96  6:45  Widow Mine  
  96  6:46  Widow Mine  
  105  6:52  Medivac  
  109  6:55  Medivac  
  109  7:06  SCV x2, Barracks  
  109  7:07  Barracks  
  109  7:08  Marauder  
  113  7:09  Marauder  
  115  7:24  Marine x2  
  115  7:29  Widow Mine x2, Marauder  
  115  7:31  Marauder  
  115  7:32  SCV  
  115  7:33  SCV  
  119  7:42  Marine x2  
  120  7:45  Medivac  
  120  7:48  SCV  
  120  7:49  SCV  
  120  7:50  Widow Mine, Marauder, Orbital Command  
  125  7:52  Marauder  
  125  7:53  Armory  
  125  7:54  Ghost Academy  
  124  8:01  SCV x2  
  124  8:02  Marine x2  
  124  8:05  Barracks Reactor, Barracks Tech Lab  
  128  8:12  Missile Turret  
  128  8:13  SCV x2  
  129  8:23  SCV  
  129  8:25  SCV  
  128  8:27  Marine x2  
  128  8:32  Ghost  
  130  8:34  SCV  
  130  8:35  SCV  
  130  8:37  SCV  
  131  8:42  Ghost x2  
  131  8:46  SCV  
  131  8:47  SCV  
  137  8:49  SCV, Enhanced Shockwaves  
  138  8:56  Terran Infantry Weapons Level 2  
  138  8:58  SCV  
  138  8:59  SCV  
  138  9:01  SCV  
  141  9:07  Supply Depot  
  141  9:08  Supply Depot  
  141  9:10  Marine x2  
  141  9:11  Marine  
  141  9:12  SCV x2, Marine  
  141  9:16  Viking  
  141  9:17  Marauder  
  141  9:20  Marauder  
  141  9:21  Marauder  
  139  9:29  Marine x3  
  139  9:30  Marine  
  129  9:37  Marine  
  102  9:39  Orbital Command  
  102  9:41  Marauder  
  102  9:43  Marauder  
  87  9:47  Marine x3  
  87  9:48  Marine  
  83  9:56  Marauder  
  83  9:58  SCV  
  83  10:02  Marauder  
  83  10:04  Marine  
  83  10:05  Marine x3  
  83  10:06  Marine  
  88  10:10  SCV  
  82  10:25  Ghost  
  82  10:26  Marine x5  
  88  10:31  SCV  
  88  10:32  SCV  
  88  10:44  SCV x2  
  88  10:45  Marine x2  
  90  10:56  SCV x2  
  88  11:08  SCV x2, Marine x4  
  94  11:12  Marauder x3  
  94  11:14  Widow Mine x2  
  104  11:20  SCV  
  105  11:26  Marine x4  
  107  11:33  Marauder x3  
  113  11:44  Marine x2  
  112  11:58  Marine  
  112  12:01  Marauder  
  112  12:04  Marine x3  
  110  12:12  Marine x2  
  104  12:16  Marine  
  104  12:21  Marine  
  104  12:22  Marine x3  
  108  12:28  Medivac  
  109  12:30  Marine x2  
  109  12:34  Marine  
  112  12:39  Marine x2  
  112  12:40  Marine x2  
  112  12:41  SCV x2  
  118  12:53  SCV  
  118  13:00  Supply Depot x2  
  118  13:09  Ghost x3  
  118  13:10  Widow Mine  
  126  13:22  Refinery, Missile Turret  
  126  13:28  Viking  
  126  13:29  Viking  
  128  13:52  Widow Mine  
  128  13:53  Widow Mine  
  132  13:57  SCV x2  
  134  14:06  Marauder x3  
  134  14:09  SCV  
  141  14:17  Viking  
  141  14:22  Viking  
  142  14:29  Supply Depot x2  
  142  14:33  Marauder  
  142  14:40  Orbital Command  
  142  14:50  Viking  
  142  14:52  Viking  
  146  15:02  Marauder x3  
  146  15:03  SCV  
  145  15:15  SCV, Marine x3  
  145  15:16  Marine  
  150  15:22  SCV  
  150  15:24  Marauder x3  
  150  15:27  SCV  
  158  15:45  SCV x2  
  158  15:48  Marauder  
  155  15:50  Marauder x2  
Show
View Real Time Build Order
Export as new Build Order

MaNa Protoss 

Build Orders: 1 Gate Expand, Oracle Opening, Colossus Rush 

Get SALT Encoding   

  12  0:00  Probe  
  13  0:12  Probe  
  14  0:17  Pylon  
  14  0:24  Probe (Chrono Boost)  
  16  0:36  Gateway, Probe (Chrono Boost)  
  16  0:43  Probe (Chrono Boost)  
  16  0:45  Assimilator  
  17  0:50  Probe  
  18  1:03  Probe  
  19  1:18  Probe  
  19  1:25  Cybernetics Core  
  20  1:34  Nexus  
  20  1:37  Probe  
  21  1:45  Pylon  
  21  1:50  Probe  
  22  1:54  Assimilator  
  22  2:02  Probe, Stalker (Chrono Boost)  
  24  2:14  Probe  
  25  2:20  Stargate  
  25  2:23  Adept (Chrono Boost)  
  25  2:29  Probe  
  28  2:40  Warp Gate  
  28  2:41  Probe  
  29  2:46  Adept  
  29  2:47  Probe  
  32  2:53  Probe  
  33  2:59  Probe  
  34  3:07  Oracle (Chrono Boost)  
  34  3:09  Probe  
  34  3:11  Probe  
  39  3:17  Pylon  
  39  3:21  Probe  
  39  3:24  Probe  
  41  3:29  Pylon  
  41  3:35  Probe  
  41  3:37  Probe  
  41  3:39  Shield Battery  
  43  3:42  Oracle (Chrono Boost)  
  43  3:47  Probe  
  47  3:49  Probe  
  47  3:55  Gateway  
  48  4:00  Probe  
  48  4:02  Robotics Facility  
  49  4:04  Probe  
  49  4:08  Assimilator  
  50  4:12  Probe  
  50  4:13  Pylon  
  50  4:16  Probe  
  52  4:20  Assimilator  
  52  4:24  Probe  
  53  4:26  Gateway  
  53  4:28  Probe  
  54  4:32  Sentry  
  54  4:33  Phoenix  
  54  4:37  Probe  
  59  4:39  Pylon  
  59  4:42  Probe  
  60  4:48  Pylon  
  60  4:50  Probe  
  61  4:54  Probe  
  63  5:00  Observer (Chrono Boost), Robotics Bay  
  63  5:04  Phoenix  
  65  5:08  Probe x2  
  65  5:09  Pylon  
  67  5:14  Sentry  
  67  5:20  Probe x2  
  71  5:24  Immortal (Chrono Boost)  
  75  5:31  Observer  
  75  5:32  Phoenix, Probe  
  75  5:33  Probe  
  79  5:36  Pylon  
  79  5:37  Observer  
  79  5:45  Probe  
  80  5:52  Colossus (Chrono Boost)  
  80  5:56  Nexus  
  86  5:59  Probe x2  
  88  6:05  Gateway  
  88  6:08  Phoenix  
  89  6:22  Shield Battery  
  89  6:23  Shield Battery, Twilight Council  
  89  6:24  Probe x2  
  91  6:43  Probe  
  91  6:45  Phoenix  
  94  6:49  Charge  
  94  6:50  Pylon  
  94  7:00  Pylon  
  94  7:02  Pylon  
  94  7:06  Extended Thermal Lance (Chrono Boost)  
  94  7:07  Pylon  
  94  7:08  Colossus  
  100  7:10  Phoenix  
  100  7:11  Zealot x4  
  100  7:13  Probe  
  100  7:15  Probe  
  112  7:20  Probe  
  107  7:31  Probe x2  
  107  7:35  Probe  
  110  7:37  Phoenix  
  108  7:47  Zealot x4  
  108  7:48  Probe x2  
  108  7:50  Probe  
  117  8:00  Probe  
  117  8:01  Warp Prism (Chrono Boost)  
  117  8:02  Phoenix  
  122  8:10  Templar Archives  
  121  8:14  Gateway  
  121  8:15  Probe  
  121  8:16  Gateway  
  121  8:19  Probe  
  123  8:20  Probe  
  124  8:28  Zealot x4  
  124  8:30  Phoenix  
  134  8:40  Gateway  
  134  8:45  Gateway  
  131  8:49  High Templar x2  
  131  8:51  High Templar  
  131  8:53  High Templar  
  139  8:56  Archon  
  139  8:57  Archon  
  139  9:02  Pylon  
  139  9:03  Pylon  
  139  9:05  Pylon x2  
  139  9:08  Nexus  
  139  9:24  Zealot x5  
  145  9:25  Probe  
  145  9:26  Probe  
  145  9:28  Observer  
  115  9:41  Zealot x3  
  107  9:52  Zealot x5  
  101  9:57  Colossus (Chrono Boost)  
  97  10:08  Probe  
  74  10:21  Probe x3  
  74  10:23  Observer  
  74  10:25  Stalker x2  
  77  10:43  High Templar x2  
  77  10:48  Archon  
  77  10:49  Shield Battery  
  80  10:56  Zealot x4  
  88  10:58  Observer  
  88  11:06  Zealot x2  
  88  11:10  Probe  
  95  11:13  Colossus (Chrono Boost)  
  99  11:21  Probe  
  99  11:22  Probe  
  99  11:23  Probe  
  99  11:25  Sentry x2  
  105  11:38  Zealot x3  
  105  11:39  Zealot  
  101  12:00  Zealot x3  
  101  12:01  Zealot  
  96  12:11  Zealot x2  
  88  12:17  Observer  
  88  12:18  High Templar  
  88  12:19  High Templar  
  90  12:23  Archon  
  90  12:24  Colossus (Chrono Boost)  
  89  12:36  Zealot  
  89  12:37  Zealot  
  90  12:54  Zealot x3  
  96  13:06  Immortal (Chrono Boost)  
  96  13:10  High Templar x2  
  104  13:14  Archon  
  104  13:29  Nexus  
  104  13:34  Probe x2  
  107  13:36  Observer (Chrono Boost)  
  107  13:54  Observer (Chrono Boost)  
  105  13:55  High Templar  
  105  13:56  Probe x2, High Templar  
  105  14:00  Archon  
  111  14:07  Pylon  
  111  14:10  Observer  
  111  14:12  Disruptor (Chrono Boost)  
  114  14:21  Zealot x2  
  116  14:25  Stalker  
  117  14:40  Disruptor (Chrono Boost)  
  120  14:46  Probe x3  
  121  14:58  Probe x2  
  123  15:02  Nexus  
  114  15:14  Stalker x2  
  114  15:20  High Templar  
  121  15:28  Probe  
  116  15:55  High Templar x2  
  120  16:01  Archon  
  105  16:06  Zealot x4  
  70  16:13  Zealot  
Tags
 
Add a new tag
Caveats
  • Supply blocks, unpowered buildings, or Contaminate may cause inaccurate times.
  • Supply counts are checked every 10 seconds.